 Dungeon Crawl Stone Soup version 0.28.0-53-g5a82cb258f (webtiles) character file.

Game seed: 5867020669939859045

344 gobodom the Conjurer (level 6, -4/38 HPs)
             Began as an Octopode Conjurer on June 21, 2022.
             Killed from afar by Ijyb (21 damage)
             ... with an iceblast
             ... on level 5 of the Dungeon.
             The game lasted 00:17:00 (4632 turns).

gobodom the Conjurer (Octopode Conjurer)            Turns: 4632, Time: 00:17:01

Health: -4/38      AC:  1    Str:  8    XL:     6   Next: 58%
Magic:  9/10       EV: 14    Int: 20    God:
Gold:   80         SH:  0    Dex: 13    Spells: 8/11 levels left

rFire   . . .      SeeInvis .     - Unarmed
rCold   . . .      Faith    .   (no shield)
rNeg    . . .      Spirit   .   (helmet restricted)
rPois   .          Reflect  .   (no amulet)
rElec   .          Harm     .   (no ring)
rCorr   .          Rampage  .   (no ring)
Will    .....                   (no ring)
Stlth   ++++......              (no ring)
HPRegen 0.12/turn               (no ring)
MPRegen 0.12/turn               (no ring)
                                (no ring)
                                (no ring)

@: no status effects
A: almost no armour, amphibious, 8 rings, camouflage 1, gelatinous body 1,
(nimble swimmer 1), tentacles, antennae 1, tentacle spike 1, agile 1
a: no special abilities


You were on level 5 of the Dungeon.
You visited 1 branch of the dungeon, and saw 5 of its levels.

You collected 80 gold pieces.

Inventory:

Missiles
 e - 4 poisoned darts
Wands
 a - a wand of acid (6)
Scrolls
 g - 2 scrolls of teleportation
Potions
 b - a potion of mutation
 c - a potion of curing {unknown}
 d - a potion of degeneration {unknown}
 f - a potion of haste {unknown}
 h - a potion of might {unknown}
 i - a potion of brilliance {unknown}


   Skills:
 + Level 1.0 Fighting
 + Level 1.0 Maces & Flails
 + Level 3.1 Dodging
 + Level 4.2 Stealth
 + Level 1.0 Unarmed Combat
 + Level 3.2 Spellcasting
 + Level 5.6 Conjurations


You had 8 spell levels left.
You knew the following spells:

 Your Spells              Type           Power      Damage    Failure   Level
a - Magic Dart            Conj           100%       1d8       1%          1
b - Searing Ray           Conj           50%        2d6       1%          2

Your spell library contained the following spells:

 Spells                   Type           Power      Damage    Failure   Level
 Foxfire                  Conj/Fire      56%        2x1d6     4%          1
 Conjure Flame            Conj/Fire      14%        6-21      13%         3
 Dazzling Flash           Conj/Hex       28%        N/A       13%         3
 Sublimation of Blood     Necr           3%         N/A       22%         2
 Wereblood                Tmut           3%         N/A       22%         2
 Inner Flame              Hex/Fire       3%         N/A       38%         3
 Flame Wave               Conj/Fire      14%        2d6       41%         4
 Fulminant Prism          Conj/Hex       7%         3d7       41%         4
 Iskenderun's Mystic Bla  Conj/Tloc      14%        2d5       41%         4
 Blade Hands              Tmut           1%         N/A       98%         5
 Iron Shot                Conj/Erth      7%         9d2       100%        6
 Summon Hydra             Summ           1%         N/A       100%        7
 Animate Armour           Summ/Erth      Unusable   N/A       N/A         4

Dungeon Overview and Level Annotations

Branches:
Dungeon (5/15)
 Temple: D:4-7

Altars:
Ashenzari
Okawaru

Annotations:
D:4 Dowan, Duvessa
D:5 Ijyb, Pikel


Innate Abilities, Weirdness & Mutations

You cannot wear most types of armour.
You are amphibious.
You can wear up to eight rings at the same time.
Your skin changes colour to match your surroundings (Stealth+).
Your rubbery body absorbs attacks. (AC +1, EV +1)
((You are camouflaged when in or above water. (Stealth+)))
You have tentacles for arms and can constrict up to eight enemies at once.
You have a pair of small antennae on your head.
One of your tentacles bears a spike.
You are agile. (Dex +2)


Message History

Press: ? - help, Q - select action, (/) - cycle Shift-Dir - straight line, f/p - lemure
Aim: a lemure (severely wounded, 64% to hit)
The bolt of acid hits the lemure!
The acid corrodes the lemure!
The lemure is almost dead.
The lemure hits you! The lemure barely misses you.
You barely miss the lemure. You grab the lemure. You squeeze the lemure.
You kill the lemure!
That felt strangely unrewarding.
The lemure hits you.
* * * LOW HITPOINT WARNING * * *
You miss the lemure. Your grab misses the lemure.
Your tentacle spike misses the lemure.
The lemure is moderately wounded.
The lemure hits you!
* * * LOW HITPOINT WARNING * * *
As you read the scroll of teleportation, it crumbles to dust.
You feel strangely unstable. The lemure barely misses you.
Your surroundings suddenly seem different.
Found a stone staircase leading down.
You start resting.
Magic restored.
You start resting.
HP restored.
Found 13 bolts.
Ijyb the Twisted Goblin comes into view.
She is wielding a +0 club and carrying a wand of iceblast (3).
The magic dart hits Ijyb but does no damage.
Ijyb shouts!
The magic dart hits Ijyb.
Ijyb is lightly wounded.
Ijyb zaps a wand.
The mass of ice explodes!
The iceblast engulfs you!
The magic dart hits Ijyb.
Ijyb is moderately wounded.
Ijyb zaps a wand.
The mass of ice explodes!
The iceblast engulfs you!
You are too injured to fight recklessly!
Ijyb is nearby!
You start resting.
Ijyb is nearby!
You are too injured to fight recklessly!
Ijyb zaps a wand.
The mass of ice explodes!
The iceblast engulfs you!!
Ouch! That really hurt!
You die...

#...#
.#
#...#
.
#..g#
#...##
#....#
#....#
#....#
#....#
#..@.#
#....#
#....#
#...##
#...##
#....#
#..>.#
#....#
#...##


You could see Ijyb.

Vanquished Creatures
  A water moccasin (D:3)
  An ogre (D:4)
  A lemure (D:5)
  A jelly (D:5)
  A howler monkey skeleton (D:3)
  3 adders
  A dart slug (D:4)
  An orc (D:3)
  8 bats
  9 endoplasms
  6 giant cockroaches
  7 goblins
  6 hobgoblins
  6 jackals
  A quokka (D:3)
  8 ball pythons
  A frilled lizard (D:1)
  4 kobolds
  8 rats
74 creatures vanquished.

Notes
Turn   | Place    | Note
-------+----------+-------------------------------------------
     0 | D:1      | gobodom the Octopode Conjurer began the quest for the Orb.
     0 | D:1      | Reached XP level 1. HP: 11/11 MP: 3/3
   158 | D:1      | Reached XP level 2. HP: 7/17 MP: 3/5
   504 | D:1      | Found a faded altar of an unknown god.
   947 | D:1      | Reached XP level 3. HP: 21/21 MP: 6/6
  1343 | D:2      | Gained mutation: Your magical capacity is low. (-10% MP)
                  | [potion of mutation]
  1343 | D:2      | Gained mutation: You are partially covered in iridescent
                  | scales. (AC +2) [potion of mutation]
  1344 | D:2      | Lost mutation: Your magical capacity is low. (-10% MP)
                  | [potion of mutation]
  1344 | D:2      | Lost mutation: You are partially covered in iridescent
                  | scales. (AC +2) [potion of mutation]
  1344 | D:2      | Gained mutation: One of your tentacles bears a spike.
                  | [potion of mutation]
  1344 | D:2      | Gained mutation: You are agile. (Dex +2) [potion of
                  | mutation]
  1344 | D:2      | Gained mutation: You have a pair of small antennae on your
                  | head. [potion of mutation]
  1373 | D:2      | Learned a level 2 spell: Searing Ray
  2027 | D:3      | Reached XP level 4. HP: 27/27 MP: 4/7
  2160 | D:3      | Found an iron altar of Okawaru.
  2559 | D:3      | Noticed a water moccasin
  2570 | D:3      | Killed a water moccasin
  2571 | D:3      | Reached skill level 5 in Conjurations
  2571 | D:3      | Reached XP level 5. HP: 24/32 MP: 1/9
  3337 | D:4      | Reached XP level 6. HP: 37/37 MP: 6/10
  3358 | D:4      | Noticed Dowan
  3359 | D:4      | Noticed Duvessa
  3395 | D:4      | Found a broken altar of Ashenzari.
  3407 | D:4      | Reached skill level 1 in Fighting
  3407 | D:4      | Reached skill level 1 in Maces & Flails
  4144 | D:5      | Entered Level 5 of the Dungeon
  4240 | D:5      | Reached skill level 1 in Unarmed Combat
  4249 | D:5      | Noticed Pikel
  4615 | D:5      | Noticed Ijyb
  4632 | D:5      | Killed from afar by Ijyb

Illustrated notes

Levels and vault maps discovered:
D:1:      dpeg_arrival_windows_large_door, layout_rooms, basic_ecumenical_altar
D:2:      layout_rooms, minmay_stone_trees_large
D:3:      layout_loops_cross, mainiacjoe_overflow_tiny_flanked
D:4:      layout_basic, nicolae_ashenzari_panopticon,
          kennysheep_generic_room_10, uniq_duvessa
D:5:      layout_gridville, uniq_ijyb, uniq_pikel

Skill      XL: |  1  2  3  4  5  6 |
---------------+-------------------+-----
Stealth        | 3 4 |  4.2
Dodging        | 3 |  3.1
Conjurations   | 5 |  5.6
Fighting       | 1 |  1.0
Maces & Flails | 1 |  1.0
Spellcasting   | 3 |  3.2
Unarmed Combat | 1 |  1.0

Action                   |  1- 3 |  4- 6 || total
-------------------------+-------+-------++-------
Melee: Unarmed           |    30 |    33 ||    63
       Constrict         |    12 |    11 ||    23
       Tentacles         |    11 |     8 ||    19
       Whip              |    17 |       ||    17
       Punch             |     1 |     1 ||     2
       Kick              |       |    16 ||    16
 Cast: Magic Dart        |    46 |    67 ||   113
       Searing Ray       |       |     3 ||     3
Evoke: Wand              |       |     2 ||     2
  Use: Potion            |     2 |     1 ||     3
       Scroll            |     2 |     3 ||     5
 Stab: Distracted        |     1 |       ||     1
Armor: Skin              |     9 |     3 ||    12
Dodge: Dodged            |    40 |    32 ||    72
